 Dungeon Crawl Stone Soup version 0.28.0-49-g6dfe1f597d (webtiles) character file.

Game seed: 3233286538493826618

16 Zeld the Sneak (level 2, -2/25 HPs)
             Began as a Djinni Delver on May 14, 2022.
             Slain by a hound (4 damage)
             ... on level 6 of the Dungeon.
             The game lasted 00:01:28 (608 turns).

Zeld the Sneak (Djinni Delver)                       Turns: 608, Time: 00:01:29

Health: -2/25      AC:  3    Str: 11    XL:     2   Next: 70%
Gold:   13         EV: 12    Int: 11    God:
                   SH:  0    Dex: 14

rFire   + + .      SeeInvis .   a - +0 falchion
rCold   x . .      Faith    .   (no shield)
rNeg    . . .      Spirit   .   b - +0 leather armour
rPois   ∞          Reflect  .   (no helmet)
rElec   .          Harm     .   (no cloak)
rCorr   .          Rampage  .   (no gloves)
Will    .....                   (boots unavailable)
Stlth   ++........              (no amulet)
HPRegen 0.08/turn               (no ring)
MPRegen 0.00/turn               (no ring)

@: flying
A: sickness immunity, fire resistance 2, cold vulnerability 1, float, innate
caster, HP casting, extra vitality 1
a: no special abilities


You were on level 6 of the Dungeon.
You visited 1 branch of the dungeon, and saw 2 of its levels.
You also visited: Sewer.

You collected 13 gold pieces.

Inventory:

Hand Weapons
 a - a +0 falchion (weapon)
Armour
 b - a +0 leather armour (worn)
Wands
 g - a wand of digging (3)
Scrolls
 c - a scroll of fog
 d - a scroll of teleportation {unknown}
 e - a scroll of fear
 h - a scroll of acquirement {unknown}
 i - a scroll of noise {unknown}
Potions
 f - a potion of haste


   Skills:
 * Level 3.2 Fighting
 * Level 2.0 Long Blades
 + Level 2.3 Dodging
 + Level 4.1 Stealth
 * Level 1.0 Evocations


You had one spell level left.
You didn't know any spells.
Your spell library was empty.

Dungeon Overview and Level Annotations

Branches:
Dungeon (6/15)              Sewer (visited)
 Temple: D:4-7

Altars:


Innate Abilities, Weirdness & Mutations

You are immune to sickness and miasma.
You are immune to poison.
Your flesh is very heat resistant. (rF++)
You are vulnerable to cold. (rC-)
You float through the air rather than walking.
You learn spells naturally, not from books.
Your magical power is your life essence.
You have superior vitality. (+4 MHP)


Message History

The hound is moderately wounded.
The hound closely misses you. The hound barely misses you.
You barely miss the hound.
The hound is moderately wounded.
The hound misses you.
You barely miss the hound.
The hound is moderately wounded.
The hound bites you. x2
You closely miss the hound.
The hound is moderately wounded.
The hound bites you. The hound completely misses you.
You barely miss the hound.
The hound is moderately wounded.
The hound barely misses you. The hound bites you.
You barely miss the hound.
The hound is moderately wounded.
The hound barely misses you. x2
You miss the hound.
The hound is moderately wounded.
The hound closely misses you.
You hit the hound.
The hound is severely wounded.
The hound barely misses you. The hound bites you.
You closely miss the hound.
The hound is severely wounded.
The hound misses you. The hound bites you.
* * * LOW HITPOINT WARNING * * *
You closely miss the hound. Your punch misses the hound.
The hound is severely wounded.
The hound closely misses you. The hound barely misses you.
You hit the hound.
The hound is severely wounded.
The hound bites you.
* * * LOW HITPOINT WARNING * * *
The hound barely misses you.
Unknown command.
You closely miss the hound.
The hound is severely wounded.
The hound bites you.
You die...

# #.# ##...## #.....
# #.# **+#* #.###. #
#.# *.# #.###. #.#
###*.###### #.....
*,*******##.........#
#####.
*,,,,,,<,,..#...###.#
#.
**********#......##.#
#. #h#,,.#*#.# #.
#@##.####.#######.
#.................
#.#######.########
#.#######.#
#.........#
###########


You could see a hound.

Vanquished Creatures
  A river rat (D:6)
  2 giant cockroaches
  A frilled lizard (Sewer)
  2 kobolds (Sewer)
  2 rats (D:6)
8 creatures vanquished.

Notes
Turn   | Place    | Note
-------+----------+-------------------------------------------
     0 | D:5      | Zeld the Djinni Delver began the quest for the Orb.
     0 | D:5      | Reached XP level 1. HP: 20/20 MP: 0/0
     2 | D:5      | Noticed a scorpion
    26 | D:5      | Noticed a hound
    26 | D:5      | Noticed a hound
    71 | D:6      | Found a glowing drain.
    94 | D:6      | Reached XP level 2. HP: 18/25 MP: 0/0
   144 | Sewer    | Entered a sewer
   249 | Sewer    | Reached skill level 1 in Evocations
   257 | Sewer    | Noticed Pargi
   608 | D:6      | Slain by a hound

Illustrated notes

Levels and vault maps discovered:
D:5:      layout_basic, cheibrodos_gnoll_hut
D:6:      layout_loops_corners, portal_sewer_entry_b, pf_guarded_unrand_meek

Skill      XL: |  1  2 |
---------------+-------+-----
Long Blades    | 2 |  2.0
Evocations     | 1 |  1.0
Fighting       | |  3.2
Dodging        | |  2.3
Stealth        | |  4.1

Action                   || total
-------------------------++-------
Melee: Falchion          ||    30
       Punch             ||     1
  Use: Scroll            ||     1
 Stab: Sleeping          ||     3
Armor: Leather armour    ||     3
Dodge: Dodged            ||    23
